 Dungeon Crawl Stone Soup version 0.32-a0-868-g153ae1a8d6 (webtiles) character file.

Game seed: 5610618646243989386

10 petete the Firebug (level 2, 0/20 HPs)
             Began as a Mountain Dwarf Fire Elementalist on Mar 28, 2024.
             Succumbed to a hobgoblin's poison
             ... on level 1 of the Dungeon.
             The game lasted 00:03:15 (156 turns).

petete the Firebug (MDFE)                            Turns: 156, Time: 00:03:16

Health: 0/20       AC:  2    Str: 10    XL:     2   Next: 10%
Magic:  0/5        EV: 10    Int: 15    God:
Gold:   0          SH:  0    Dex: 10    Spells: 4/5 levels left

rFire   . . .        e - +0 dagger (venom)
rCold   . . .        (no shield)
rNeg    . . .        a - +0 robe
rPois   .            (no helmet)
rElec   .            (no cloak)
rCorr   .            (no gloves)
SInv    .            (no boots)
Will    .....        (no amulet)
Stlth   ++           (no ring)
HPRegen 0.23/turn    (no ring)
MPRegen 0.09/turn

%: no passive effects
@: lethally poisoned (0 -> -2)
A: runic magic, artefact enchanting
a: no special abilities


You were on level 1 of the Dungeon.
You visited 1 branch of the dungeon, and saw 1 of its levels.

Inventory:

Hand Weapons
 c - a +0 club
 e - a +0 dagger of venom (weapon)
Armour
 a - a +0 robe (worn)
 d - a +0 leather armour
Potions
 b - 2 potions of magic


   Skills:
 - Level 1.3 Dodging
 - Level 1.4 Stealth
 + Level 2.1 Spellcasting
 - Level 1.0 Conjurations
 + Level 4.0 Fire Magic


You had 4 spell levels left.
You knew the following spells:

 Your Spells              Type           Power      Damage    Failure   Level
a - Foxfire               Conj/Fire      36%        2x1d5     8%          1

Your spell library contained the following spells:

 Spells                   Type           Power      Damage    Failure   Level
 Scorch                   Fire           26%        2d6       6%          2
 Inner Flame              Hex/Fire       7%         N/A       28%         3
 Volatile Blastmotes      Fire/Tloc      14%        2d11      28%         3
 Flame Wave               Conj/Fire      9%         2d6       61%         4


Dungeon Overview and Level Annotations

Branches:
Dungeon (1/15)

Altars:


Innate Abilities, Weirdness & Mutations

Your spellcasting is much less encumbered by armour.
You can use scrolls of enchantment on lesser artefacts.


Message History

The hobgoblin barely misses you.
The hobgoblin attacks as it pursues you!
The hobgoblin hits you with a +0 dagger of venom.
You are lethally poisoned!
Casting: Foxfire (safe; 8% risk of failure)
Confirm with . or Enter, or press ? or * to list all spells.
You conjure some foxfire!
You feel very sick.
You barely miss the hobgoblin.
The hobgoblin is heavily wounded.
* * * LOW HITPOINT WARNING * * *
You feel very sick.
The foxfire hits the hobgoblin but does no damage.
The hobgoblin is heavily wounded.
The foxfire hits the hobgoblin.
You kill the hobgoblin!
Your Fire Magic skill increases to level 4!
You aren't carrying any scrolls.
You are too injured to fight recklessly!
Unknown command.
Okay, then.
Okay, then.
You aren't carrying any items that you can evoke.
Unknown command.
* * * LOW HITPOINT WARNING * * *
You feel sick.
Things that are here:
a +0 dagger of venom; a hobgoblin corpse
e - a +0 dagger of venom
* * * LOW HITPOINT WARNING * * *
You feel sick.
Your +0 dagger of venom begins to drip with poison!
e - a +0 dagger of venom (weapon)
* * * LOW HITPOINT WARNING * * *
You feel sick.
* * * LOW HITPOINT WARNING * * *
You feel sick.
* * * LOW HITPOINT WARNING * * *
You feel sick.
You die...

#..............#
#..............#
#....#.........#
....>.).......##
....##.........#
..)....).......#
#.#.##.........##
..#.##..........###
..#..........†..@.###
..###.#...#>...>...>#
..# #.#...#.........#
..# #.....#.#.....#†#
.. ###...#.........#
##..#.........#
#..#.#.....#.#
####.........#
#.........#


There were no monsters in sight!

Vanquished Creatures
  2 bats (D:1)
  2 goblins (D:1)
  2 hobgoblins (D:1)
  A ball python (D:1)
  2 kobolds (D:1)
9 creatures vanquished.

Vanquished Creatures (others)
  19 foxfires (D:1)
19 creatures vanquished.

Grand Total: 28 creatures vanquished

Notes
Turn   | Place    | Note
-------+----------+-------------------------------------------
     0 | D:1      | petete the Mountain Dwarf Fire Elementalist began the quest
                  | for the Orb.
     0 | D:1      | Reached XP level 1. HP: 14/14 MP: 3/3
    13 | D:1      | Reached skill level 1 in Conjurations
   129 | D:1      | Reached XP level 2. HP: 20/20 MP: 0/5
   151 | D:1      | Reached skill level 4 in Fire Magic
   154 | D:1      | HP: 1/20 [poisoned by a hobgoblin]
   156 | D:1      | Succumbed to a hobgoblin's poison

Illustrated notes

Levels and vault maps discovered:
D:1:      lemuel_arrival_broad_hall, layout_rooms, serial_shops,
          nicolae_book_shop_shelving

Skill      XL: |  1  2 |
---------------+-------+-----
Conjurations   | 1 |  1.0
Spellcasting   | 2 |  2.1
Fire Magic     | 4 |  4.0
Dodging        | |  1.3
Stealth        | |  1.4

Action                     || total
---------------------------++-------
  Melee: Unarmed           ||    10
         Club              ||     8
   Cast: Foxfire           ||    11
 Armour: Robe              ||    13
  Dodge: Dodged            ||    18

Table legend: (Time is in decaauts)
 A = Elapsed time spent in this place.
 B = Non-inter-level travel time spent in this place.
 C = Inter-level travel time spent in this place.
 D = Time resting spent in this place.
 E = Time spent auto-exploring this place.
 F = Levels seen in this place.
 G = Mean time per level.
                   A        B        C        D        E       F      G
               +--------+--------+--------+--------+--------+-----+--------+
         Total |    157 |    157 |      0 |      0 |     58 |   1 |  157.0 |
       Dungeon |    157 |    157 |      0 |      0 |     58 |   1 |  157.0 |
               +--------+--------+--------+--------+--------+-----+--------+

Top non-repeatable levels by time:
     D:1: 157 daAuts
